 Dungeon Crawl Stone Soup version 0.26-a0-668-gd58323b419 (webtiles) character file.

Game seed: 8287817999556471442

816 grandjackal the Slasher (level 7, -7/55 HPs)
             Began as a Demonspawn Gladiator on Oct 18, 2020.
             Mangled by an orc warrior
             ... wielding a +0 glaive
              (12 damage)
             ... on level 5 of the Dungeon.
             The game lasted 00:06:22 (5473 turns).

grandjackal the Slasher (Demonspawn Gladiator)      Turns: 5473, Time: 00:06:23

Health: -7/55      AC:  8    Str: 17    XL:     7   Next: 62%
Magic:  16/16      EV: 14    Int:  9    God:
Gold:   185        SH:  0    Dex: 18    Spells: 6/6 levels left

rFire    . . .     SeeInvis .   i - +0 dagger (flame)
rCold    + . .     Faith    .   (no shield)
rNeg     . . .     Spirit   .   q - +2 ring mail {MR+}
rPois    .         Reflect  .   c - +0 helmet
rElec    .         Harm     .   h - scarf {repulsion}
rCorr    .         Rampage  .   (no gloves)
MR       +....                  (boots unavailable)
Stlth    ++++......             (no amulet)
HPRegen  0.18/turn              D - ring of magical power
MPRegen  0.15/turn              (no ring)

@: repel missiles
A: talons 3, thin skeletal structure 2, cold resistance 1
a: no special abilities


You were on level 5 of the Dungeon.
You visited 1 branch of the dungeon, and saw 6 of its levels.

You collected 185 gold pieces.

Inventory:

Hand Weapons
 a - a +1 long sword
 i - a +0 dagger of flaming (weapon)
Missiles
 d - 3 throwing nets (quivered)
Armour
 c - a +0 helmet (worn)
 h - a scarf of repulsion (worn)
 q - a +2 ring mail of magic resistance (worn)
 C - a +1 leather armour of fire resistance
Jewellery
 e - a cursed ring of attention {unknown}
 D - a ring of magical power (left hand)
Wands
 r - a wand of iceblast (7)
 A - a wand of acid (6)
Scrolls
 f - a scroll of fear {unknown}
 l - 3 scrolls of enchant weapon
 m - a scroll of remove curse
 o - a scroll of immolation {unknown}
 s - 2 scrolls of blinking {unknown}
 u - a scroll of magic mapping {unknown}
 y - a scroll of teleportation {unknown}
Potions
 b - 2 potions of lignification
 g - 3 potions of brilliance
 j - a potion of curing
 n - 3 potions of ambrosia
 p - a potion of haste
 t - a potion of magic
 v - 2 potions of stabbing
 w - 2 potions of invisibility
 x - a potion of degeneration {unknown}
 z - 2 potions of might
 B - a potion of heal wounds {unknown}


   Skills:
 + Level 4.7 Fighting
 + Level 4.8 Long Blades
 - Level 1.7 Throwing
 + Level 4.7 Dodging
 + Level 3.7 Stealth


You had 6 spell levels left.
You didn't know any spells.
Your spell library was empty.

Dungeon Overview and Level Annotations

Branches:
Dungeon (6/15)
 Temple: D:4-7

Altars:

Shops:
D:5 [

Annotations:
D:5 3 runed translucent doors, ClockworkOrrery's ghost, amateur GrFi


Innate Abilities, Weirdness & Mutations

You have claws for feet.
You have a moderately thin skeletal structure. (Dex +4, Stealth+)
Your flesh is cold resistant. (rC+)


Message History

The orc warrior is severely wounded.
You hit the orc warrior. You burn the orc warrior.
The orc warrior is severely wounded.
The orc warrior hits you with a +0 glaive.
You hit the orc warrior but do no damage.
The orc warrior is severely wounded.
The orc warrior hits you but does no damage.
You hit the orc warrior but do no damage.
Your kick misses the orc warrior.
The orc warrior is severely wounded.
You hit the orc warrior but do no damage.
You claw the orc warrior, but do no damage.
The orc warrior is severely wounded.
The orc warrior hits you with a +0 glaive!!
* * * LOW HITPOINT WARNING * * *
You hit the orc warrior but do no damage.
You claw the orc warrior.
The orc warrior is severely wounded.
The orc warrior hits you with a +0 glaive!
You die...

##(......#....######.##.....#
#######.##.)............##..#
# #.##....######.#####..# #
#......## #........##### #
#######.#### ########.....# #
#..........######### #.###.#
# #.##.##..#.#.......#
#.###.#
####.##.##..#.#.......#
#...#.#
........##....#o@.....#
#.#.#.#
...<....###...........#
#.....#
..............#.......###
##.#.##
##########....#.........#
#...# # #.####.###+++###
#.### # #.# ###W....(.# #.# #
#.# #..(....# #.# ## #.#
###....8..####.# .# #.#
#.#♣(.....#....#


You could see an orc warrior and ClockworkOrrery's ghost.

Vanquished Creatures
  Menkaure (D:4)
  An ogre (D:5)
  A gnoll shaman (D:5)
  2 orc priests (D:4)
  A jelly (D:5)
  Ijyb (D:3)
  Terence (D:3)
  6 orc wizards
  A worker ant (D:5)
  A mummy (D:4)
  A worker ant zombie (D:5)
  7 adders
  3 gnolls (D:5)
  3 worms
  3 dart slugs (D:2)
  4 leopard geckos
  21 orcs
  11 bats
  4 giant cockroaches
  11 goblins
  8 hobgoblins
  4 jackals (D:5)
  9 kobolds
  4 quokkas
  3 ball pythons
  6 frilled lizards
  2 hobgoblin zombies (D:4)
  A jackal skeleton (D:2)
  2 kobold zombies (D:4)
  A quokka skeleton (D:4)
  10 rats
134 creatures vanquished.

Notes
Turn   | Place    | Note
-------+----------+-------------------------------------------
     0 | D:1      | grandjackal the Demonspawn Gladiator began the quest for
                  | the Orb.
     0 | D:1      | Reached XP level 1. HP: 16/16 MP: 1/1
   362 | D:1      | Gained mutation: You have sharp toenails. [demonic
                  | ancestry]
   362 | D:1      | Reached XP level 2. HP: 22/22 MP: 2/2
  1109 | D:1      | Gained mutation: You have a somewhat thin skeletal
                  | structure. (Dex +2, Stealth) [demonic ancestry]
  1109 | D:1      | Reached XP level 3. HP: 28/28 MP: 3/3
  1792 | D:2      | Reached skill level 1 in Stealth
  1792 | D:2      | Gained mutation: Your flesh is cold resistant. (rC+)
                  | [demonic ancestry]
  1792 | D:2      | Reached XP level 4. HP: 28/34 MP: 4/4
  2195 | D:3      | Noticed Ijyb
  2212 | D:3      | Killed Ijyb
  2234 | D:3      | Gained mutation: You have a moderately thin skeletal
                  | structure. (Dex +4, Stealth+) [demonic ancestry]
  2234 | D:3      | Reached XP level 5. HP: 39/41 MP: 5/5
  2278 | D:3      | Noticed Terence
  2311 | D:3      | Killed Terence
  2701 | D:3      | Gained mutation: You have razor-sharp toenails. [demonic
                  | ancestry]
  2701 | D:3      | Reached XP level 6. HP: 42/48 MP: 6/6
  2923 | D:5      | Entered Level 5 of the Dungeon
  3577 | D:4      | HP: 2/48 [orc/+0 hand axe (6)]
  4093 | D:4      | Noticed Menkaure
  4099 | D:4      | Killed Menkaure
  4099 | D:4      | Gained mutation: You have claws for feet. [demonic
                  | ancestry]
  4099 | D:4      | Reached XP level 7. HP: 29/55 MP: 7/7
  4729 | D:5      | Found Upneuwk's Armour Shoppe.
  4882 | D:5      | Found a runed translucent gate.
  4882 | D:5      | Noticed ClockworkOrrery's ghost (amateur GrFi)
  4883 | D:5      | Found a runed translucent gate.
  4884 | D:5      | Found a runed translucent gate.
  5473 | D:5      | Mangled by an orc warrior

Illustrated notes

Levels and vault maps discovered:
D:1:      mushboom_english_gardens, layout_rooms
D:2:      minmay_skewed_foursquare, layout_basic, minmay_misc_feat_columns
D:3:      layout_basic, uniq_ijyb, uniq_terence
D:4:      layout_cave_pools, supply_closet_lemuel, minmay_mini_ossuary,
          uniq_menkaure
D:5:      layout_loops_cross, ebering_ghost_rock_garden, serial_shops,
          kennysheep_mini_moat
D:6:      layout_loops_ring, columned_hall_lemuel

Skill      XL: |  1  2  3  4  5  6 |
---------------+-------------------+-----
Long Blades    | 3 4 |  4.8
Dodging        | 3 4 |  4.7
Stealth        | 1 2 3 |  3.7
Fighting       | 3 4 |  4.7
Throwing       | |  1.7

Action                   |  1- 3 |  4- 6 |  7- 9 || total
-------------------------+-------+-------+-------++-------
Melee: Long sword        |   117 |   174 |    23 ||   314
       Kick              |    34 |    71 |    27 ||   132
       Dagger            |       |     6 |    54 ||    60
  Use: Scroll            |       |       |    12 ||    12
 Stab: Sleeping          |     1 |     9 |     7 ||    17
Armor: Leather armour    |    35 |    10 |       ||    45
       Ring mail         |       |    51 |    14 ||    65
Dodge: Dodged            |    95 |   130 |    33 ||   258
       Rpst.: Long sword |    35 |    33 |     3 ||    71

Table legend: (Time is in decaauts)
 A = Elapsed time spent in this place.
 B = Non-inter-level travel time spent in this place.
 C = Inter-level travel time spent in this place.
 D = Time resting spent in this place.
 E = Time spent auto-exploring this place.
 F = Levels seen in this place.
 G = Mean time per level.
                   A        B        C        D        E       F      G
               +--------+--------+--------+--------+--------+-----+--------+
         Total |   5535 |   5420 |    115 |   2386 |   2060 |   6 |  922.5 |
       Dungeon |   5535 |   5420 |    115 |   2386 |   2060 |   6 |  922.5 |
               +--------+--------+--------+--------+--------+-----+--------+

Top non-repeatable levels by time:
     D:5: 1437 daAuts
     D:1: 1237 daAuts
     D:3: 996 daAuts
     D:2: 987 daAuts
     D:4: 842 daAuts
     D:6: 34 daAuts
